 Dungeon Crawl Stone Soup version 0.25.1-2-g60ff931df9 (webtiles) character file.

Game seed: 9021878159234708174

52 graki42 the Skirmisher (level 3, -6/34 HPs)
             Began as a Minotaur Fighter on July 30, 2020.
             Mangled by Sigmund
             ... wielding a +3 antimagic scythe
              (12 damage)
             ... on level 2 of the Dungeon.
             The game lasted 00:02:57 (1385 turns).

graki42 the Skirmisher (Minotaur Fighter)           Turns: 1385, Time: 00:02:57

Health: -6/34      AC:  7    Str: 21    XL:     3   Next: 60%
Magic:  1/2        EV:  7    Int:  5    God:
Gold:   66         SH:  9    Dex:  9    Spells: 2/2 levels left

rFire    . . .     SeeInvis .   i - +0 dagger (curse)
rCold    . . .     Gourm    .   c - +0 kite shield
rNeg     . . .     Faith    .   b - +0 scale mail
rPois    .         Spirit   .   (helmet restricted)
rElec    .         Reflect  .   (no cloak)
rCorr    .         Harm     .   (no gloves)
MR       .....                  (no boots)
Stlth    ..........             (no amulet)
HPRegen  0.11/turn              (no ring)
MPRegen  0.08/turn              (no ring)

@: mighty
A: retaliatory headbutt, horns 2
a: no special abilities


You were on level 2 of the Dungeon.
You were not hungry.

You visited 1 branch of the dungeon, and saw 2 of its levels.

You collected 66 gold pieces.

Inventory:

Hand Weapons
 a - a +0 long sword
 i - a cursed +0 dagger (weapon)
Armour
 b - a +0 scale mail (worn)
 c - a +0 kite shield (worn)
Scrolls
 h - a scroll of identify {unknown}
Potions
 e - a potion of flight {unknown}
 j - a potion of curing {unknown}
Comestibles
 f - 4 rations
 g - a chunk of flesh


   Skills:
 + Level 4.4 Fighting
 + Level 0.9(1.8) Short Blades
 + Level 2.7(2.8) Long Blades
 + Level 4.3 Armour
 + Level 0.2 Dodging
 + Level 4.0 Shields


You had 2 spell levels left.
You didn't know any spells.
Your spell library was empty.

Dungeon Overview and Level Annotations

Branches:
Dungeon (2/15)

Altars:

Annotations:
D:2 Sigmund


Innate Abilities, Weirdness & Mutations

You reflexively headbutt those who attack you in melee.
You have a pair of horns on your head.


Message History

Something hits you but does no damage. Something hits you but does no damage.
You see here a quokka corpse.
You closely miss something. Your headbutt misses something.
You hear some strange, mumbled words.
A magic dart appears from out of thin air!
The magic dart hits you.
You hit something. The dart slug launches a dart at you.
The slug dart hits something.
Something hits you.
You hit something but do no damage. You miss something. Something hits you.
* * * LOW HITPOINT WARNING * * *
You miss something. Your headbutt misses something.
You hear some strange, mumbled words.
Something tries to affect you, but you resist.
Your shield and scale mail prevent you from hitting something.
The dart slug launches a dart at you. You block the slug dart.
Something hits you!
You die...

####### #######
#.....# .......
#.###.# ....... #.#
#.# ....?.w##.#
#.##### ......w{@.#
#.....#
.......##########.#
##### .......
##...<#.###....
.......
...............
.......
...............
.......
##......###....
.....$. ########
#.... ####### #)...
#....


You could see 2 dart slugs.

Vanquished Creatures
  An adder (D:2)
  An ooze (D:2)
  A dart slug (D:1)
  A leopard gecko (D:1)
  2 giant cockroaches (D:1)
  5 goblins
  5 hobgoblins
  4 kobolds
  A quokka (D:2)
  5 bats (D:1)
  A frilled lizard (D:2)
  6 rats
33 creatures vanquished.

Notes
Turn   | Place    | Note
-------+----------+-------------------------------------------
     0 | D:1      | graki42 the Minotaur Fighter began the quest for the Orb.
     0 | D:1      | Reached XP level 1. HP: 19/19 MP: 0/0
   388 | D:1      | Reached XP level 2. HP: 25/27 MP: 1/1
  1108 | D:2      | Reached XP level 3. HP: 33/33 MP: 2/2
  1351 | D:2      | Noticed Sigmund
  1385 | D:2      | Mangled by Sigmund

Illustrated notes

Levels and vault maps discovered:
D:1:      tarquinn_simple_flora_water_b, layout_basic
D:2:      layout_basic, minmay_misc_feat_encased, grunt_decor_arrowhead,
          uniq_sigmund

Skill      XL: |  1  2 |
---------------+-------+-----
Fighting       | 4 |  4.4
Armour         | 4 |  4.3
Shields        | 4 |  4.0
Short Blades   | |  0.9
Long Blades    | |  2.7
Dodging        | |  0.2

Action                   || total
-------------------------++-------
Melee: Long sword        ||    20
       Dagger            ||   120
       Headbutt          ||    13
  Use: Scroll            ||     3
       Potion            ||     1
  Eat: Chunk             ||     2
Armor: Scale mail        ||    51
Dodge: Dodged            ||    31
Block: Kite shield       ||    58
